 Dungeon Crawl Stone Soup version 0.31.0-9-g3a7656b989 (webtiles) character file.

Game seed: 16264143665029687915

508 qw the Shooter (level 6, 0/51 HPs)
             Began as a Demigod Hunter on Feb 2, 2024.
             Slain by a gnoll
             ... wielding a +0 club
             ... led by a gnoll bouda
              (7 damage)
             ... on level 5 of the Dungeon.
             The game lasted 00:00:13 (3379 turns).

qw the Shooter (Demigod Hunter)                     Turns: 3379, Time: 00:00:14

Health: 0/51       AC:  6    Str: 12    XL:     6   Next: 65%
Magic:  8/8        EV: 12    Int: 11    God:
Gold:   118        SH:  0    Dex: 25    Spells: 5/5 levels left

rFire   . . .        a - +1 shortbow
rCold   . . .        (shield currently unavailable)
rNeg    + . .        m - +0 ring mail
rPois   .            (no helmet)
rElec   .            (no cloak)
rCorr   .            h - +0 pair of gloves
SInv    .            (no boots)
Will    .....        (no amulet)
Stlth   ++           d - ring of positive energy
HPRegen 0.28/turn    (no ring)
MPRegen 0.11/turn

%: no passive effects
@: no status effects
A: high MP 1, forlorn, divine attributes
a: no special abilities


You were on level 5 of the Dungeon.
You visited 1 branch of the dungeon, and saw 5 of its levels.

You collected 118 gold pieces.


Innate Abilities, Weirdness & Mutations

You have an increased reservoir of magic. (+10% MP)
You shall have no god before yourself.
Your divine heritage dramatically boosts your attributes as you level up.


   Skills:
 - Level 3.1 Fighting
 + Level 6.5 Ranged Weapons
 - Level 1.1 Armour
 - Level 3.0 Dodging
 - Level 0.8 Stealth


You had 5 spell levels left.
You didn't know any spells.
Your spell library was empty.

Inventory:

Hand Weapons
 a - a +1 shortbow (weapon)
Armour
 h - a +0 pair of gloves (worn)
 m - a +0 ring mail (worn)
Jewellery
 d - a ring of positive energy (left hand)
Wands
 b - a wand of digging (1)
Potions
 c - a potion of invisibility {unknown}
 e - a potion of cancellation
 f - a potion of curing
 i - a potion of resistance
 l - a potion of mutation {unknown}
 n - a potion of ambrosia {unknown}

Dungeon Overview and Level Annotations

Branches:
Dungeon (5/15)             Temple (0/1) D:4


Message History

The gnoll is no longer moving quickly.
The gnoll bouda hits you but does no damage.
The orc hits you with a +0 dagger. The orc hits you with a +0 whip.
You shoot an arrow. The arrow hits the gnoll bouda.
The gnoll bouda is moderately wounded.
The orc barely misses you. The orc hits you but does no damage.
The gnoll bouda closely misses you.
You shoot an arrow.
The arrow hits the gnoll bouda but does no damage.
The gnoll bouda is moderately wounded.
The gnoll bouda hits you with a +0 club.
The orc barely misses you. The orc hits you with a +0 dagger.
You shoot an arrow. The arrow hits the gnoll bouda!
The gnoll bouda is severely wounded.
The gnoll bouda barks out a call to the hunt!
The gnoll picks up the pace!
The orc hits you with a +0 whip. The orc misses you.
You shoot an arrow.
The arrow closely misses the gnoll bouda.
The gnoll bouda hits you with a +0 club!
The orc hits you but does no damage. x2
3376 ||| DRINKING potion of heal wounds.
You feel much better.
The gnoll bouda hits you with a +0 club.
The orc barely misses you. The orc hits you but does no damage.
You shoot an arrow. The arrow hits the gnoll bouda.
The gnoll bouda is almost dead.
The gnoll bouda hits you with a +0 club!
The orc hits you but does no damage. The orc hits you with a +0 whip.
The gnoll bouda mumbles some strange prayers to its god.
The gnoll bouda is healed somewhat.
The orc hits you with a +0 whip. The orc hits you but does no damage.
You shoot an arrow. The arrow hits the gnoll bouda!
You kill the gnoll bouda!
The orc barely misses you. The orc closely misses you.
Your Dodging skill increases to level 3!
You shoot an arrow. The arrow closely misses the gnoll.
The gnoll barely misses you. The orc barely misses you.
The orc hits you with a +0 dagger. The gnoll hits you with a +0 club!
You die...

### #<# #@#
......goo......
...............
....).....##...
..........# ..
.........##
..........
..........


You could see a gnoll (swift) and 2 orcs.

Vanquished Creatures
  Sigmund (D:3)
  A hound (D:3)
  2 jellies (D:4)
  A bombardier beetle (D:4)
  A gnoll bouda (D:5)
  A sleepcap (D:3)
  An orc wizard (D:4)
  3 adders
  3 gnolls (D:5)
  2 dart slugs (D:4)
  A ribbon worm (D:3)
  4 orcs (D:4)
  9 bats
  5 endoplasms
  6 giant cockroaches
  5 goblins
  7 hobgoblins
  6 jackals
  5 kobolds
  5 quokkas
  9 ball pythons
  6 frilled lizards
  5 rats
89 creatures vanquished.

Notes
Turn   | Place    | Note
-------+----------+-------------------------------------------
     0 | D:1      | qw the Demigod Hunter began the quest for the Orb.
     0 | D:1      | Reached XP level 1. HP: 17/17 MP: 3/3
     0 | D:1      | 0 ||| qw: Version: 0.3-a-155-g5e7d8dd
     0 | D:1      | 0 ||| qw: Game counter: 89
     0 | D:1      | 0 ||| qw: Melee chars always use a shield: true
     0 | D:1      | 0 ||| qw: God list: Okawaru
     0 | D:1      | 0 ||| qw: Allow faded altars: false
     0 | D:1      | 0 ||| qw: Do Orc after clearing Dungeon:15 true
     0 | D:1      | 0 ||| qw: Do second Lair branch before Depths: true
     0 | D:1      | 0 ||| qw: Lair rune preference: random
     0 | D:1      | 0 ||| qw: Goals: Normal
     0 | D:1      | 0 ||| PLANNING D:1-11
   116 | D:1      | Reached skill level 4 in Ranged Weapons
   151 | D:1      | Reached XP level 2. HP: 24/24 MP: 4/4
   202 | D:1      | Noticed a glass eye
   208 | D:1      | Noticed an eye of devastation
   217 | D:1      | Noticed a glass eye
   217 | D:1      | Noticed a glass eye
   658 | D:1      | 658 ||| UPGRADING to +0 pair of gloves.
   663 | D:1      | 663 ||| READING scroll labelled LUMAOT KISUNOL.
   663 | D:1      | 663 ||| IDENTIFYING viscous sapphire potion
   664 | D:1      | 664 ||| DROPPING scroll of butterflies.
   893 | D:2      | Reached XP level 3. HP: 29/29 MP: 5/5
  1498 | D:3      | Reached skill level 5 in Ranged Weapons
  1567 | D:3      | Reached XP level 4. HP: 14/36 MP: 6/6
  1710 | D:3      | HP: 9/36 [sleepcap (1)]
  1711 | D:3      | 1711 ||| DRINKING potion of heal wounds.
  1753 | D:3      | Noticed Sigmund
  1764 | D:3      | Killed Sigmund
  1765 | D:3      | Reached skill level 6 in Ranged Weapons
  1765 | D:3      | Reached XP level 5. HP: 12/41 MP: 7/7
  2206 | D:3      | 2206 ||| UPGRADING to +0 ring mail.
  2216 | D:3      | 2216 ||| DROPPING +0 leather armour.
  2217 | D:3      | 2217 ||| READING scroll of identify.
  2217 | D:3      | 2217 ||| IDENTIFYING brown potion
  2218 | D:3      | 2218 ||| READING 3 scrolls labelled TAEJUM XUEQIACH.
  2219 | D:3      | 2219 ||| READING scroll labelled TITRAR WOSAK.
  2220 | D:3      | 2220 ||| DRINKING 3 fizzy amethyst potions.
  2221 | D:3      | 2221 ||| FLEEEEING.
  2222 | D:3      | 2222 ||| FLEEEEING.
  2223 | D:3      | 2223 ||| FLEEEEING.
  2224 | D:3      | 2224 ||| FLEEEEING.
  2225 | D:3      | 2225 ||| FLEEEEING.
  2226 | D:3      | 2226 ||| FLEEEEING.
  2227 | D:3      | 2227 ||| FLEEEEING.
  2228 | D:3      | 2228 ||| FLEEEEING.
  2229 | D:3      | 2229 ||| FLEEEEING.
  2230 | D:3      | 2230 ||| FLEEEEING.
  2231 | D:3      | 2231 ||| FLEEEEING.
  2232 | D:3      | 2232 ||| FLEEEEING.
  2233 | D:3      | 2233 ||| FLEEEEING.
  2234 | D:3      | 2234 ||| FLEEEEING.
  2235 | D:3      | 2235 ||| FLEEEEING.
  2236 | D:3      | 2236 ||| STAIRDANCE
  2238 | D:2      | 2238 ||| FLEEEEING.
  2239 | D:2      | 2239 ||| FLEEEEING.
  2240 | D:2      | 2240 ||| FLEEEEING.
  2241 | D:2      | 2241 ||| FLEEEEING.
  2242 | D:2      | 2242 ||| FLEEEEING.
  2243 | D:2      | 2243 ||| FLEEEEING.
  2244 | D:2      | 2244 ||| FLEEEEING.
  2245 | D:2      | 2245 ||| FLEEEEING.
  2246 | D:2      | 2246 ||| STAIRDANCE
  2348 | D:1      | 2348 ||| DRINKING 2 yellow potions.
  2349 | D:1      | 2349 ||| DRINKING 3 fuming brown potions.
  2350 | D:1      | 2350 ||| DROPPING 2 scrolls of fog.
  2351 | D:1      | 2351 ||| DROPPING 2 potions of berserk rage.
  2352 | D:1      | 2352 ||| DROPPING 2 potions of attraction.
  2406 | D:4      | Found a staircase to the Ecumenical Temple.
  2475 | D:4      | Reached XP level 6. HP: 49/49 MP: 8/8
  2486 | D:4      | Reached skill level 1 in Armour
  2523 | D:4      | 2523 ||| FLEEEEING.
  2524 | D:4      | 2524 ||| FLEEEEING.
  2525 | D:4      | 2525 ||| FLEEEEING.
  2526 | D:4      | 2526 ||| FLEEEEING.
  2527 | D:4      | 2527 ||| FLEEEEING.
  2528 | D:4      | 2528 ||| FLEEEEING.
  2529 | D:4      | 2529 ||| FLEEEEING.
  2530 | D:4      | 2530 ||| FLEEEEING.
  2531 | D:4      | 2531 ||| FLEEEEING.
  2532 | D:4      | 2532 ||| FLEEEEING.
  2533 | D:4      | 2533 ||| FLEEEEING.
  2884 | D:4      | Reached skill level 3 in Fighting
  3234 | D:4      | 3234 ||| UPGRADING to ring of positive energy.
  3235 | D:4      | 3235 ||| READING scroll labelled BIANAE ECUMN.
  3236 | D:4      | 3236 ||| READING scroll labelled MANUAT FASS.
  3240 | D:4      | 3240 ||| READING scroll labelled APPIB WERIGG.
  3341 | D:4      | 3341 ||| READING scroll labelled KAM DUN SYU.
  3341 | D:4      | 3341 ||| ENCHANTING +0 shortbow.
  3342 | D:4      | 3342 ||| DRINKING 2 viscous red potions.
  3355 | D:5      | Entered Level 5 of the Dungeon
  3370 | D:5      | HP: 10/51 [gnoll bouda/+0 club (11)]
  3371 | D:5      | 3371 ||| DRINKING 2 potions of heal wounds.
  3375 | D:5      | HP: 12/51 [gnoll bouda/+0 club (8)]
  3376 | D:5      | 3376 ||| DRINKING potion of heal wounds.
  3379 | D:5      | Reached skill level 3 in Dodging
  3379 | D:5      | Slain by a gnoll

Levels and vault maps discovered:
D:1:      giann_bridges, layout_basic, hellmonk_ecumenical_altar_watching_god
D:2:      layout_basic
D:3:      layout_basic, uniq_sigmund
D:4:      layout_loops_ring, temple_statues, minivault_1, roderic_lattice_a
D:5:      layout_cave_pools

Skill      XL: |  1  2  3  4  5  6 |
---------------+-------------------+-----
Ranged Weapons | 4 5 6 |  6.5
Fighting       | 2 3 |  3.1
Dodging        | 2 3 |  3.0
Armour         | 1 |  1.1
Stealth        | |  0.8

Action                     |  1- 3 |  4- 6 || total
---------------------------+-------+-------++-------
   Fire: Shortbow          |   147 |   121 ||   268
    Use: Scroll            |     1 |     7 ||     8
         Potion            |       |     7 ||     7
 Armour: Leather armour    |    36 |    20 ||    56
         Ring mail         |       |    45 ||    45
  Dodge: Dodged            |    34 |    45 ||    79

Table legend:
 A = Non-vault XP
 B = Vault XP
 C = Vault XP percentage of total XP
 D = Non-vault monster count
 E = Vault monster count
 F = Vault count percentage of total count
                 A         B        C        D         E       F
            +---------+---------+-------+---------+---------+-------
      Total |     500 |     226 |  31.1 |      88 |       1 |   1.1
            +---------+---------+-------+---------+---------+-------
        D:1 |      39 |       0 |   0.0 |      23 |       0 |   0.0
        D:2 |      45 |       0 |   0.0 |      22 |       0 |   0.0
        D:3 |     122 |     226 |  64.9 |      19 |       1 |   5.0
        D:4 |     211 |       0 |   0.0 |      20 |       0 |   0.0
        D:5 |      83 |       0 |   0.0 |       4 |       0 |   0.0
            +---------+---------+-------+---------+---------+-------
